 Dungeon Crawl Stone Soup version 0.21.1-1-g345015f (webtiles) character file.

13724 sking99 the Bludgeoner (level 11, -10/101 HPs)
             Began as a Minotaur Fighter on June 28, 2018.
             Was a High Priest of Makhleb.
             Mangled by an enormous slime creature (74 damage)
             ... on level 11 of the Dungeon.
             The game lasted 00:29:02 (9826 turns).

sking99 the Bludgeoner (Minotaur Fighter)           Turns: 9826, Time: 00:29:03

Health: -10/101    AC: 15    Str: 20    XL:     11   Next: 79%
Magic:  16/16      EV:  4    Int:  5    God:    Makhleb [*****.]
Gold:   578        SH: 14    Dex: 14    Spells: 10/10 levels left

rFire    . . .     SeeInvis .   l - +1 morningstar (freeze)
rCold    . . .     Gourm    .   c - +1 shield
rNeg     . . .     Faith    .   G - +0 plate armour
rPois    .         Spirit   .   (helmet restricted)
rElec    .         Reflect  +   (no cloak)
rCorr    .         Harm     .   K - +0 pair of gloves
MR       +....                  I - +0 pair of boots
Stlth    ..........             h - +3 amulet of reflection
HPRegen  0.26/turn              (no ring)
MPRegen  0.15/turn              s - ring of protection from magic

@: lethally poisoned (-10 -> -11)
A: retaliatory headbutt, horns 2
a: Minor Destruction, Lesser Servant of Makhleb, Major Destruction, Greater
Servant of Makhleb, Renounce Religion


You were on level 11 of the Dungeon.
You worshipped Makhleb.
Makhleb was extremely pleased with you.
You were not hungry.

You visited 1 branch of the dungeon, and saw 11 of its levels.
You also visited: Sewer.

You collected 578 gold pieces.

Inventory:

Hand Weapons
 l - a +1 morningstar of freezing (weapon)
 z - a +1 flail of crushing
 E - the +1 arbalest "Demonbane" {penet, rF- rC+ Str+10 Dex-5, unknown}
   (You acquired it on level 8 of the Dungeon)

   Ammo fired by it will pass through the targets it hits, potentially hitting
   all targets in its path until it reaches maximum range.
   It affects your strength (+10).
   It affects your dexterity (-5).
   It makes you vulnerable to fire.
   It protects you from cold.
Missiles
 t - a throwing net (quivered)
Armour
 c - a +1 shield (worn)
 G - a +0 plate armour (worn)
 I - a +0 pair of boots (worn)
 K - a +0 pair of gloves (worn)
Jewellery
 h - a +3 amulet of reflection (around neck)
 s - a ring of protection from magic (right hand)
 u - an uncursed ring of loudness
 B - an uncursed ring of teleportation
 C - an uncursed amulet of regeneration {unknown}
 N - the ring "Exidiuts" {Wiz MR- Str+8 Dex-4 Stlth+}
   (You found it on level 10 of the Dungeon)

   [ring of wizardry]

   It improves your spell success rate.
   It affects your strength (+8).
   It affects your dexterity (-4).
   It affects your resistance to hostile enchantments.
   It makes you more stealthy.
Wands
 m - a wand of iceblast (10)
 F - a wand of acid (9)
 O - a wand of polymorph (12)
Scrolls
 b - a scroll of identify
 g - 4 scrolls of magic mapping
 i - a scroll of remove curse
 k - 3 scrolls of enchant armour
 o - a scroll of fear {unknown}
 x - 3 scrolls of fog
Potions
 d - 7 potions of might
 e - 2 potions of heal wounds
 j - 5 potions of haste
 n - 2 potions of brilliance {unknown}
 p - 2 potions of curing
 q - a potion of invisibility {unknown}
 v - 2 potions of flight
 w - a potion of magic {unknown}
 A - 2 potions of ambrosia
 J - a potion of agility {unknown}
Books
 y - a book of Maledictions

   Spells                             Type                      Level
   a - Corona                         Hexes                        1
   b - Ensorcelled Hibernation        Hexes/Ice                    2
   c - Confuse                        Hexes                        3
   d - Tukima's Dance                 Hexes                        3
   e - Dazzling Spray                 Conjuration/Hexes            3
 D - a book of Changes

   Spells                             Type                      Level
   a - Beastly Appendage              Transmutation                1
   b - Sticks to Snakes               Transmutation                2
   c - Spider Form                    Transmutation/Poison         3
   d - Ice Form                       Ice/Transmutation            4
   e - Blade Hands                    Transmutation                5
 P - a book of Beasts

   Spells                             Type                      Level
   a - Summon Butterflies             Summoning                    1
   b - Call Canine Familiar           Summoning                    3
   c - Summon Ice Beast               Ice/Summoning                4
   d - Summon Mana Viper              Hexes/Summoning              5
   e - Summon Hydra                   Summoning                    7
 Q - a book of Minor Magic

   Spells                             Type                      Level
   a - Magic Dart                     Conjuration                  1
   b - Blink                          Translocation                2
   c - Call Imp                       Summoning                    2
   d - Slow                           Hexes                        2
   e - Conjure Flame                  Conjuration/Fire             3
   f - Mephitic Cloud                 Conjuration/Poison/Air       3
Comestibles
 a - 10 chunks of flesh
 f - 31 rations


   Skills:
 - Level 10.8 Fighting
 * Level 15.5 Maces & Flails
 - Level 5.5 Armour
 + Level 5.9 Shields
 + Level 9.0 Invocations


You had 10 spell levels left.
You didn't know any spells.

Dungeon Overview and Level Annotations

Branches:
Dungeon (11/15)            Temple (0/1) D:5            Lair (0/6) D:11
    Orc (0/2) D:10

Altars:
Cheibriados
Hepliaklqana
Makhleb
Uskayaw
The Shining One
Jiyva

Shops:
D:10 (


Innate Abilities, Weirdness & Mutations

You reflexively headbutt those who attack you in melee.
You have a pair of horns on your head.


Message History

You sock the enormous slime creature! You freeze the enormous slime creature.
You headbutt the enormous slime creature.
The enormous slime creature is moderately wounded.
Your hellwing hits the enormous slime creature. x2
You block the enormous slime creature's attack.
You barely miss the enormous slime creature.
The enormous slime creature is heavily wounded.
Your hellwing hits the enormous slime creature.
Your hellwing barely misses the enormous slime creature.
The enormous slime creature hits you!
You puncture the enormous slime creature!
You freeze the enormous slime creature.
The enormous slime creature is heavily wounded.
Your hellwing hits the enormous slime creature!
Your hellwing hits the enormous slime creature.
You hit the enormous slime creature. You freeze the enormous slime creature.
The enormous slime creature is heavily wounded.
The enormous slime creature hits you!!!!
Ouch! That really hurt!
You die...

...≈§≈§≈≈............
...≈≈.≈≈≈............
#..≈.§§≈≈.###.##.##.#
#.≈≈..§≈≈.###.##.#######
..§.≈§≈≈....'...........
...≈≈≈§§....#...........
...÷........#...........
.#§...#.....#...........
##....#.#######4@##..##
.....## .#####J#########
.....# .................
.....# .................
.....# .................
.....# >................
.....# .................
.....# ....##+###..##.##
..#### #### ..# +#


You could see an enormous slime creature and a friendly hellwing.

Vanquished Creatures
  3 two-headed ogres
  Nergalle (D:11)
  Psyche (D:10)
  2 centaur zombies
  A komodo dragon (D:11)
  The ghost of sking99 the Chopper, an amateur HOFi of Zin (D:4)
  3 trolls
  A hornet (D:8)
  9 yaks
  A wyvern (D:10)
  A wraith (D:11)
  2 hungry ghosts
  Edmund (D:6)
  2 hell hounds (D:11)
  3 orc warriors
  3 ice beasts
  A sky beast (D:11)
  3 black bears
  A hornet zombie (D:9)
  3 phantoms
  6 ogres
  A centaur (D:6)
  A crocodile (D:8)
  3 big kobolds
  Blork the orc (D:6)
  9 bullfrogs
  3 scorpions
  3 killer bees (D:11)
  9 wights
  3 howler monkeys
  6 crimson imps
  A bullfrog zombie (D:9)
  5 hounds
  4 jellies (D:9)
  2 centaur skeletons
  A bullfrog skeleton (D:9)
  5 orc priests
  3 iguanas
  6 orc wizards
  8 worker ants
  A worker ant zombie (D:8)
  4 gnolls (D:3)
  9 adders
  A howler monkey skeleton (D:8)
  A river rat (Sewer)
  2 shadow imps
  8 oozes
  An adder zombie (D:9)
  An adder skeleton (D:5)
  7 worms
  2 dart slugs
  3 leopard geckos
  31 orcs
  7 ball pythons
  10 bats
  6 giant cockroaches
  6 goblins
  5 hobgoblins
  5 jackals (D:5)
  5 quokkas
  4 frilled lizards
  A jackal skeleton (D:4)
  28 kobolds
  9 rats
280 creatures vanquished.

Vanquished Creatures (collateral kills)
  Erolcha (D:10)
  2 two-headed ogres
  A slime creature (D:11)
  2 yaks (D:10)
  2 orc warriors
  An orc priest (D:6)
  A hound (D:10)
  A jelly (D:10)
  2 adders
  A leopard gecko (D:6)
  An orc (D:6)
15 creatures vanquished.

Grand Total: 295 creatures vanquished

Notes
Turn   | Place    | Note
-------+----------+-------------------------------------------
     0 | D:1      | sking99 the Minotaur Fighter began the quest for the Orb.
     0 | D:1      | Reached XP level 1. HP: 19/19 MP: 0/0
   272 | D:1      | Reached XP level 2. HP: 27/27 MP: 1/1
   353 | D:1      | Reached skill level 3 in Maces & Flails
   852 | D:2      | Found a burning altar of Makhleb.
   858 | D:2      | Became a worshipper of Makhleb the Destroyer
   930 | D:2      | Reached XP level 3. HP: 30/33 MP: 2/2
  1397 | D:2      | Reached skill level 4 in Maces & Flails
  1800 | D:3      | Reached XP level 4. HP: 41/41 MP: 3/3
  1926 | D:3      | Reached * piety under Makhleb
  1926 | D:3      | Reached skill level 5 in Maces & Flails
  2135 | D:3      | Reached skill level 5 in Fighting
  2135 | D:3      | Reached XP level 5. HP: 41/48 MP: 4/4
  2497 | D:4      | Noticed sking99's ghost (amateur HOFi)
  2516 | D:4      | Killed sking99's ghost
  2516 | D:4      | Reached skill level 7 in Maces & Flails
  2516 | D:4      | Reached XP level 6. HP: 33/57 MP: 5/5
  2578 | D:4      | Found a glowing drain.
  2591 | Sewer    | Entered a sewer
  2766 | Sewer    | Reached XP level 7. HP: 57/63 MP: 6/6
  2789 | Sewer    | Reached ** piety under Makhleb
  3334 | D:4      | Reached skill level 8 in Maces & Flails
  3334 | D:4      | Reached skill level 1 in Invocations
  3373 | D:5      | Entered Level 5 of the Dungeon
  3373 | D:5      | Found a hide-covered altar of Uskayaw.
  3735 | D:5      | Found a glowing golden altar of the Shining One.
  3747 | D:5      | Found a snail-covered altar of Cheibriados.
  3970 | D:5      | Found a staircase to the Ecumenical Temple.
  4007 | D:6      | Noticed Blork the orc
  4015 | D:6      | Killed Blork the orc
  4017 | D:6      | Reached *** piety under Makhleb
  4017 | D:6      | Reached skill level 9 in Maces & Flails
  4017 | D:6      | Reached XP level 8. HP: 73/73 MP: 8/8
  4236 | D:6      | Noticed a two-headed ogre
  4242 | D:6      | Killed a two-headed ogre
  4242 | D:6      | Reached skill level 10 in Maces & Flails
  4456 | D:6      | Noticed Edmund
  4474 | D:6      | Killed Edmund
  4715 | D:7      | Reached XP level 9. HP: 82/82 MP: 11/11
  5434 | D:8      | Reached skill level 11 in Maces & Flails
  5559 | D:8      | Noticed a two-headed ogre
  5562 | D:8      | Killed a two-headed ogre
  5562 | D:8      | Reached skill level 5 in Invocations
  5682 | D:8      | Reached skill level 12 in Maces & Flails
  5788 | D:8      | Reached **** piety under Makhleb
  6193 | D:8      | Reached XP level 10. HP: 92/92 MP: 13/13
  6194 | D:8      | Identified a scroll of acquirement
  6197 | D:8      | Got a pitted arbalest
  6254 | D:8      | Paralysed by a hornet for 3 turns
  6263 | D:8      | Paralysed by a hornet for 3 turns
  6826 | D:9      | Noticed a two-headed ogre
  6843 | D:9      | Killed a two-headed ogre
  6843 | D:9      | Reached skill level 10 in Fighting
  6843 | D:9      | Reached skill level 13 in Maces & Flails
  7210 | D:9      | Found a viscous altar of Jiyva.
  7467 | D:9      | Found a hazy altar of Hepliaklqana.
  7548 | D:10     | Entered Level 10 of the Dungeon
  7556 | D:10     | Noticed Erolcha
  7558 | D:10     | Noticed a two-headed ogre
  7577 | D:10     | Killed Erolcha
  7582 | D:10     | Killed a two-headed ogre
  7582 | D:10     | Reached skill level 14 in Maces & Flails
  7598 | D:10     | HP: 3/94 [scorpion (3)]
  7749 | D:10     | Reached XP level 11. HP: 8/101 MP: 15/15
  8033 | D:10     | Found a staircase to the Orcish Mines.
  8191 | D:10     | Found Inischyn's Antique Weapon Boutique.
  8384 | D:10     | Reached skill level 5 in Armour
  8462 | D:10     | Noticed Psyche
  8472 | D:10     | Paralysed by Psyche for 4 turns
  8478 | D:10     | Killed Psyche
  8832 | D:10     | Got a vibrating brass ring
  8947 | D:10     | Identified the ring "Exidiuts" {Wiz MR- Str+8 Dex-4 Stlth+} (You found it on level 10 of the Dungeon)
  9307 | D:11     | Reached ***** piety under Makhleb
  9324 | D:11     | Noticed Nergalle
  9343 | D:11     | Killed Nergalle
  9343 | D:11     | Reached skill level 15 in Maces & Flails
  9360 | D:11     | Found a staircase to the Lair.
  9368 | D:11     | Reached skill level 5 in Shields
  9504 | D:11     | Noticed a two-headed ogre
  9513 | D:11     | Killed a two-headed ogre
  9826 | D:11     | Mangled by an enormous slime creature

Skill      XL: |  1  2  3  4  5  6  7  8  9 10 11 |
---------------+----------------------------------+-----
Maces & Flails | 3 4 5 7 9 10 12 14 15 | 15.5
Fighting       | 4 5 6 7 8 9 10 | 10.8
Invocations    | 2 4 5 7 9 |  9.0
Armour         | 4 5 |  5.5
Shields        | 5 |  5.9

Action                   |  1- 3 |  4- 6 |  7- 9 | 10-12 || total
-------------------------+-------+-------+-------+-------++-------
Melee: Flail             |   107 |   112 |   323 |    40 ||   582
       Headbutt          |    16 |    18 |    72 |    92 ||   198
       Morningstar       |       |       |       |   393 ||   393
Invok: Lesser Servant of |       |       |     2 |     5 ||     7
       Minor Destruction |       |       |     1 |       ||     1
       Major Destruction |       |       |       |     3 ||     3
  Use: Scroll            |       |     1 |    14 |     6 ||    21
       Potion            |       |       |       |     5 ||     5
 Stab: Distracted        |       |       |     1 |       ||     1
  Eat: Chunk             |     2 |     4 |    17 |    12 ||    35
Armor: Scale mail        |    32 |       |       |       ||    32
       Chain mail        |    23 |    32 |   112 |       ||   167
       Plate armour      |       |       |     3 |   187 ||   190
Dodge: Dodged            |    28 |    20 |    38 |    26 ||   112
Block: Shield            |    60 |    41 |   132 |   254 ||   487
       Reflection        |       |       |       |     7 ||     7
